 Dungeon Crawl Stone Soup version 0.21.1-1-g345015f (webtiles) character file.

151 nicolaieve the Conjurer (level 5, -1/28 HPs)
             Began as a Deep Elf Conjurer on June 7, 2018.
             Killed by divine providence
             ... invoked by an orc priest
              (12 damage)
             ... on level 3 of the Dungeon.
             The game lasted 00:18:14 (2680 turns).

nicolaieve the Conjurer (Deep Elf Conjurer)         Turns: 2680, Time: 00:18:15

Health: -1/28      AC:  3    Str:  6    XL:     5   Next: 11%
Magic:  12/13      EV: 13    Int: 20    God:
Gold:   162        SH:  0    Dex: 15    Spells: 9/12 levels left

rFire    . . .     SeeInvis .   g - +0 dagger
rCold    . . .     Gourm    .   (no shield)
rNeg     . . .     Faith    .   a - +1 robe
rPois    .         Spirit   .   (no helmet)
rElec    .         Reflect  .   (no cloak)
rCorr    .         Harm     .   (no gloves)
MR       .....                  (no boots)
Stlth    ++........             (no amulet)
HPRegen  0.09/turn              f - ring of flight
MPRegen  0.13/turn              (no ring)

@: very slightly contaminated
A: no striking features
a: Evoke Flight


You were on level 3 of the Dungeon.
You were not hungry.

You visited 1 branch of the dungeon, and saw 3 of its levels.

You collected 162 gold pieces.

Inventory:

Hand Weapons
 g - a +0 dagger (weapon)
Missiles
 j - 57 stones (quivered)
 k - 32 arrows
Armour
 a - a +1 robe (worn)
Jewellery
 f - a ring of flight (left hand)
Scrolls
 l - a scroll of teleportation
 m - a scroll of identify
 n - a scroll of random uselessness {unknown}
Potions
 e - 2 potions of lignification {unknown}
 h - 2 potions of curing {unknown}
Books
 b - a book of Conjurations

   Spells                             Type                      Level
   a - Magic Dart                     Conjuration                  1
   b - Searing Ray                    Conjuration                  2
   c - Dazzling Spray                 Conjuration/Hexes            3
   d - Fulminant Prism                Conjuration/Hexes            4
   e - Force Lance                    Conjuration/Translocation    4
   f - Iskenderun's Mystic Blast      Conjuration                  4
Comestibles
 c - 8 rations


   Skills:
 * Level 0.4 Fighting
 * Level 2.6 Dodging
 - Level 2.4 Stealth
 * Level 4.1 Spellcasting
 + Level 6.4 Conjurations


You had 9 spell levels left.
You knew the following spells:

 Your Spells              Type           Power        Failure   Level  Hunger
a - Magic Dart            Conj           ####         1%          1    None
b - Searing Ray           Conj           ####..       1%          2    #......


Dungeon Overview and Level Annotations

Branches:
Dungeon (3/15)

Altars:
Cheibriados
Elyvilon
Nemelex Xobeh
Trog

Annotations:
D:3 RudyRod's ghost, amateur NaIE


Message History

You hit the orc priest but do no damage.
The orc priest is lightly wounded.
The orc priest hits you.
* * * LOW HITPOINT WARNING * * *
You hit the orc priest.
The orc priest is lightly wounded.
The orc priest hits you but does no damage.
You closely miss the orc priest.
The orc priest is lightly wounded.
The orc priest barely misses you.
Blink to where?
Press: ? - help, Dir - move target cursor, p - orc priest You are very lightly contaminated with residual magic.
As you read the scroll of blinking, it crumbles to dust.
You see here a club.
The orc priest calls down the wrath of Beogh upon you.
You struggle to resist.
The orc priest mumbles some strange prayers to Beogh against you.
Beogh smites you!
You die...

#..#### #.##.....##
#.....###.#.......##
#..................#
#..................'
#.#.).##.#.........#
#.##.## ##.......##
#.##.# ##.....##
#.##.###.# ##...##
#.<@.....# ##'##
####.##### #.# #.#
#.# #.# ##.##
#.########...##
#o##..........###
#.##.#####(..#...
#.##.### #..##.##
#......###..##.##


You could see an orc priest.

Vanquished Creatures
  3 gnolls (D:2)
  3 adders
  A worm (D:3)
  A dart slug (D:1)
  3 leopard geckos
  4 orcs
  4 bats
  6 giant cockroaches
  12 goblins
  13 hobgoblins
  5 kobolds
  3 quokkas (D:2)
  5 ball pythons
  A frilled lizard (D:1)
  13 rats
77 creatures vanquished.

Notes
Turn   | Place    | Note
-------+----------+-------------------------------------------
     0 | D:1      | nicolaieve the Deep Elf Conjurer began the quest for the Orb.
     0 | D:1      | Reached XP level 1. HP: 10/10 MP: 6/6
   101 | D:1      | Reached XP level 2. HP: 15/15 MP: 2/8
   126 | D:1      | Reached skill level 5 in Conjurations
   688 | D:1      | Reached XP level 3. HP: 19/19 MP: 6/9
  1101 | D:2      | Learned a level 2 spell: Searing Ray
  1286 | D:2      | Reached skill level 6 in Conjurations
  1380 | D:2      | Reached XP level 4. HP: 24/24 MP: 2/10
  1738 | D:2      | Found a white marble altar of Elyvilon.
  1744 | D:2      | Found a bloodstained altar of Trog.
  1744 | D:2      | Found a sparkling altar of Nemelex Xobeh.
  1745 | D:2      | Found a snail-covered altar of Cheibriados.
  2240 | D:3      | Noticed RudyRod's ghost (amateur NaIE)
  2405 | D:3      | Reached XP level 5. HP: 21/28 MP: 6/13
  2680 | D:3      | Killed from afar by an orc priest

Skill      XL: |  1  2  3  4 |
---------------+-------------+-----
Conjurations   | 5 6 |  6.4
Spellcasting   | 4 |  4.1
Fighting       | |  0.4
Dodging        | |  2.6
Stealth        | |  2.4

Action                   |  1- 3 |  4- 6 || total
-------------------------+-------+-------++-------
Melee: Dagger            |     5 |     6 ||    11
 Cast: Magic Dart        |    80 |    78 ||   158
  Use: Scroll            |     2 |     4 ||     6
  Eat: Chunk             |     1 |     4 ||     5
Armor: Robe              |     1 |     5 ||     6
Dodge: Dodged            |     9 |    16 ||    25
